 Dungeon Crawl Stone Soup version 0.26.1-11-gd32895ea62 (webtiles) character file.

Game seed: 3100931121783235772

99 bnorton916 the Digger (level 5, -9/35 HPs)
             Began as a Formicid Earth Elementalist on June 9, 2021.
             Mangled by a gnoll
             ... wielding a +0 flail
              (15 damage)
             ... on level 3 of the Dungeon.
             The game lasted 00:03:56 (2194 turns).

bnorton916 the Digger (Formicid Earth Elementalist) Turns: 2194, Time: 00:03:56

Health: -9/35      AC:  2    Str: 13    XL:     5   Next: 2%
Magic:  3/8        EV: 12    Int: 15    God:
Gold:   90         SH:  0    Dex: 11    Spells: 3/9 levels left

rFire    . . .     SeeInvis +   f - +0 club
rCold    . . .     Faith    .   (no shield)
rNeg     . . .     Spirit   .   c - +0 robe
rPois    .         Reflect  .   (helmet unavailable)
rElec    .         Harm     .   (no cloak)
rCorr    .         Rampage  .   (no gloves)
Will     .....                  (no boots)
Stlth    ++........             (no amulet)
HPRegen  0.11/turn              (no ring)
MPRegen  0.11/turn              (no ring)

@: no status effects
A: permanent stasis, dig shafts and tunnels, four strong arms, antennae 3
a: Dig, Shaft Self


You were on level 3 of the Dungeon.
You visited 1 branch of the dungeon, and saw 3 of its levels.

You collected 90 gold pieces.

Inventory:

Hand Weapons
 f - a +0 club (weapon)
Missiles
 b - 11 stones
Armour
 c - a +0 robe (worn)
Wands
 n - a wand of flame (13)
Scrolls
 a - 2 scrolls of enchant armour {unknown}
 d - 3 scrolls of magic mapping {unknown}
 e - 2 scrolls of remove curse {unknown}
 h - a scroll of fog {unknown}
 i - a scroll of identify {unknown}
 l - a scroll of amnesia {unknown}
Potions
 g - a potion of attraction {unknown}
 j - a potion of curing {unknown}
 k - a potion of cancellation {unknown}
 m - 2 potions of degeneration {unknown}
 o - a potion of haste {unknown}
 p - a potion of berserk rage {unknown}


   Skills:
 - Level 1.7 Dodging
 - Level 2.4 Stealth
 - Level 0.1 Unarmed Combat
 - Level 2.5 Spellcasting
 + Level 1.5 Conjurations
 - Level 1.1 Transmutations
 + Level 5.6 Earth Magic


You had 3 spell levels left.
You knew the following spells:

 Your Spells              Type           Power        Failure   Level
a - Sandblast             Erth           36%          1%          1
b - Passwall              Tmut/Erth      10%          8%          2
c - Stone Arrow           Conj/Erth      24%          14%         3

Your spell library contained the following spells:

 Spells                   Type           Power        Failure   Level
 Petrify                  Tmut/Erth      12%          45%         4
 Lee's Rapid Deconstruct  Erth           9%           50%         5


Dungeon Overview and Level Annotations

Branches:
Dungeon (3/15)

Altars:


Innate Abilities, Weirdness & Mutations

You cannot be hasted, slowed, berserked, paralysed or teleported.
You can dig through walls and to a lower floor.
Your four strong arms can wield two-handed weapons with a shield.
You have a pair of large antennae on your head. (SInv)


Message History

The blast of sand hits the gnoll.
The gnoll is almost dead.
The gnoll hits you with a +0 flail.
You closely miss the gnoll.
The gnoll is almost dead.
The gnoll hits you with a +0 flail.
You barely miss the gnoll.
The gnoll is almost dead.
The gnoll barely misses you.
You completely miss the gnoll.
The gnoll is almost dead.
The gnoll hits you with a +0 flail!
You completely miss the gnoll.
The gnoll is almost dead.
The gnoll hits you with a +0 flail!
* * * LOW HITPOINT WARNING * * *
You hit the gnoll but do no damage.
The gnoll is almost dead.
The gnoll hits you with a +0 flail!
You die...

##.. #.# ... ...#
#.###.#
##.###.....###
#...>........## ##
#.............. #
..##.##....####...
#..#......{...###
#....##g##.#.......
#....@.)....####g
.....##.##...## ###
#.###...# { #.#
.....# #.. .......
### .<..### ...##
##


You could see a gnoll.

Vanquished Creatures
  A worker ant zombie (D:2)
  A gnoll (D:3)
  3 adders (D:2)
  A worm (D:2)
  A dart slug (D:1)
  2 leopard geckos
  A bat skeleton (D:2)
  A bat zombie (D:2)
  3 giant cockroaches
  5 goblins
  8 hobgoblins
  2 kobolds (D:1)
  A ball python (D:2)
  7 bats
  4 frilled lizards
  A giant cockroach zombie (D:2)
  2 rats
44 creatures vanquished.

Vanquished Creatures (others)
  3 withered plants (D:2)
3 creatures vanquished.

Grand Total: 47 creatures vanquished

Notes
Turn   | Place    | Note
-------+----------+-------------------------------------------
     0 | D:1      | bnorton916 the Formicid Earth Elementalist began the quest
                  | for the Orb.
     0 | D:1      | Reached XP level 1. HP: 13/13 MP: 3/3
   113 | D:1      | Reached skill level 4 in Earth Magic
   129 | D:1      | Reached XP level 2. HP: 19/19 MP: 1/5
   571 | D:1      | Reached XP level 3. HP: 18/24 MP: 3/6
  1158 | D:2      | Reached skill level 5 in Earth Magic
  1290 | D:2      | Learned a level 2 spell: Passwall
  1294 | D:2      | Learned a level 3 spell: Stone Arrow
  1495 | D:2      | Reached XP level 4. HP: 30/30 MP: 5/7
  1503 | D:2      | Reached skill level 1 in Conjurations
  2177 | D:3      | Reached XP level 5. HP: 30/35 MP: 3/8
  2194 | D:3      | Mangled by a gnoll

Illustrated notes

Levels and vault maps discovered:
D:1:      nicolae_arrival_washed_ashore, layout_loops_ring
D:2:      layout_rooms, serial_undead, serial_undead_b, serial_undead_d,
          serial_undead_b, serial_undead_f, serial_undead_f, serial_undead_a,
          minmay_cut_off
D:3:      layout_loops_ring, gammafunk_ghost_grave, lemuel_old_faithful

Skill      XL: |  1  2  3  4 |
---------------+-------------+-----
Earth Magic    | 4 5 |  5.6
Conjurations   | 1 |  1.5
Dodging        | |  1.7
Stealth        | |  2.4
Unarmed Combat | |  0.1
Spellcasting   | |  2.5
Transmutations | |  1.1

Action                   |  1- 3 |  4- 6 || total
-------------------------+-------+-------++-------
Melee: Unarmed           |     6 |       ||     6
       Club              |    15 |    26 ||    41
 Cast: Sandblast         |    51 |    16 ||    67
 Stab: Sleeping          |       |     1 ||     1
Armor: Robe              |    30 |     2 ||    32
Dodge: Dodged            |    61 |    22 ||    83
